 Dungeon Sprint DCSS version 0.29.1-2-gbd0b4ee654 (webtiles) character file.

Game seed: 658475845960175002

9426 Groucho the Peltast (level 11, -2/116 HPs)
             Began as a Minotaur Fighter on Nov 28, 2022.
             Was a High Priest of Wu Jian.
             Slain by Sonja
             ... wielding a +2 dagger of distortion
              (22 damage)
             ... in the Dungeon (Sprint IX: "|||||||||||||||||||||||||||||").
             The game lasted 00:06:53 (3554 turns).

Groucho the Peltast (Minotaur Fighter)              Turns: 3554, Time: 00:06:53

Health: -2/116     AC: 18    Str: 27    XL:     11   Next: 22%
Magic:  10/10      EV:  9    Int:  5    God:    Wu Jian [*****.]
Gold:   29         SH:  8    Dex: 14    Spells: 10/10 levels left

rFire   . . .      SeeInvis .   o - +1 broad axe (freeze)
rCold   . . .      Faith    .   c - +0 buckler
rNeg    . . .      Spirit   .   n - +1 chain mail
rPois   .          Reflect  .   (helmet restricted)
rElec   .          Harm     .   k - +0 cloak
rCorr   .          Rampage  .   a - +0 pair of gloves
Will    .....      NoTele   +   (no boots)
Stlth   ..........              (no amulet)
HPRegen 0.29/turn               b - +3 ring of strength
MPRegen 0.12/turn               p - +3 ring of dexterity

@: no status effects
A: horns 2, retaliatory headbutt
a: Renounce Religion, Wall Jump, Serpent's Lash, Heavenly Storm


You were in the Dungeon.
You worshipped Wu Jian.
Wu Jian was extremely pleased with you.
You visited 1 branch You collected 29 gold pieces.

Inventory:

Hand Weapons
 o - a +1 broad axe of freezing (weapon)
Missiles
 g - 6 stones (quivered)
Armour
 a - a +0 pair of gloves (worn)
 c - a +0 buckler (worn)
 k - a +0 cloak (worn)
 n - a +1 chain mail (worn)
Jewellery
 b - a +3 ring of strength (left hand)
 p - a +3 ring of dexterity (right hand)
Wands
 m - a wand of iceblast (10)
Scrolls
 e - a scroll of identify
 j - 3 scrolls of blinking
 l - 2 scrolls of amnesia
 q - 4 scrolls of enchant armour
 r - a scroll of fear
Potions
 d - a potion of might
 f - 2 potions of haste
 h - 4 potions of magic
 i - 3 potions of berserk rage


   Skills:
 + Level 16.9 Fighting
 + Level 16.7 Axes
 + Level 16.9 Armour
 + Level 16.9 Shields


You had 10 spell levels left.
You didn't know any spells.
Your spell library contained the following spells:

 Spells                   Type           Power      Damage    Failure   Level
 Ozocubu's Armour         Ice            0%         N/A       99%         3
 Ozocubu's Refrigeration  Ice            0%         4d7       100%        7


Dungeon Overview and Level Annotations

Branches:
Dungeon (1/1)

Altars:
Cheibriados
Dithmenos
Elyvilon
Fedhas
Gozag
Hepliaklqana
Kikubaaqudgha
Makhleb
Nemelex Xobeh
Okawaru
Qazlal
Ru
Sif Muna
Trog
Uskayaw
Vehumet
Wu Jian
Xom
Yredelemnul
Zin
The Shining One
Jiyva
Lugonu

Annotations:
D Sonja


Innate Abilities, Weirdness & Mutations

You have a pair of horns on your head.
You reflexively headbutt those who attack you in melee.


Message History

Sonja hits you with a +2 dagger of distortion.
You closely miss Sonja.
Sonja hits you with a +2 dagger of distortion.
Sonja closely misses you. Sonja hits you but does no damage.
Space warps horribly around you! Sonja closely misses you.
You furiously retaliate!
You headbutt Sonja. Sonja barely misses you.
Sonja hits you with a +2 dagger of distortion.
Space warps around you.
You miss Sonja.
Sonja is lightly wounded.
Unknown command.
You closely miss Sonja. You headbutt Sonja!
Sonja is severely wounded.
Sonja hits you with a +2 dagger of distortion.
You block Sonja's attack.
Sonja hits you with a +2 dagger of distortion.
Space warps around you! Sonja closely misses you.
Sonja hits you but does no damage. You block Sonja's attack.
You hit Sonja. You freeze Sonja. You headbutt Sonja.
Sonja is severely wounded.
Sonja barely misses you.
Sonja hits you with a +2 dagger of distortion.
Space warps around you.
Sonja hits you with a +2 dagger of distortion.
Unknown command.
You miss Sonja. Your headbutt misses Sonja.
Sonja is severely wounded.
You block Sonja's attack. Sonja hits you but does no damage.
You block Sonja's attack.
Unknown command.
You miss Sonja.
Sonja is severely wounded.
Sonja shouts, "Hah!
Missed me again!"
Sonja hits you with a +2 dagger of distortion.
Space warps horribly around you!!
* * * LOW HITPOINT WARNING * * *
Sonja hits you but does no damage. Space warps around you.
* * * LOW HITPOINT WARNING * * *
Sonja hits you but does no damage. Space warps horribly around you!!
You die...

▓.▓.▓.▓
▓'▓.▓.▓.▓
▓.▓.▓)▓.▓
▓)▓.▓?▓.▓
▓)▓.▓'▓.▓
▓.▓.▓.▓.▓
▓.▓.▓.▓.▓
▓.▓.▓.▓K▓
▓)▓.▓[▓@▓
▓.▓.▓[▓.▓
▓)▓.▓[▓.▓
▓.▓.▓.▓.▓
▓.▓.▓.▓.▓
▓.▓.▓'▓.▓
▓.▓.▓.▓.▓
▓'▓.▓.▓.▓
▓.▓.▓.▓.▓


You could see Sonja.

Vanquished Creatures
  A centaur warrior (D)
  A two-headed ogre (D)
  3 catoblepae (D)
  3 death yaks (D)
  A deep elf pyromancer (D)
  A cyclops (D)
  A black mamba (D)
  2 cane toads (D)
  2 rime drakes (D)
  A troll (D)
  2 blink frogs (D)
  2 slime creatures (D)
  3 yaks (D)
  5 water moccasins (D)
  An orc warrior (D)
  An ice beast (D)
  A wolf (D)
  2 centaurs (D)
  4 bullfrogs (D)
  A scorpion (D)
  A howler monkey (D)
  A hound (D)
  An iguana (D)
  An adder (D)
  A ball python (D)
  A giant cockroach (D)
  A quokka (D)
  A frilled lizard (D)
  A goblin (D)
47 creatures vanquished.

Vanquished Creatures (others)
  A yak (D)
1 creature vanquished.

Grand Total: 48 creatures vanquished

Notes
Turn   | Place    | Note
-------+----------+-------------------------------------------
     0 | D        | Groucho the Minotaur Fighter began the quest for the Orb.
     0 | D        | Reached XP level 1. HP: 19/19 MP: 0/0
     1 | D        | Banished a spatial maelstrom
    20 | D        | Noticed a scorpion
    20 | D        | Noticed a hound
    20 | D        | Noticed an ice beast
    20 | D        | Noticed an iguana
    23 | D        | Killed a scorpion
    24 | D        | Reached skill level 5 in Fighting
    24 | D        | Reached skill level 5 in Axes
    24 | D        | Reached skill level 5 in Armour
    24 | D        | Reached skill level 5 in Shields
    24 | D        | Reached XP level 2. HP: 26/30 MP: 1/1
    24 | D        | Reached XP level 3. HP: 32/37 MP: 2/2
    26 | D        | Reached XP level 4. HP: 34/45 MP: 3/3
    31 | D        | Killed an ice beast
    32 | D        | Reached XP level 5. HP: 28/52 MP: 4/4
    50 | D        | Found a snail-covered altar of Cheibriados.
    50 | D        | Found a shadowy altar of Dithmenos.
    50 | D        | Found a white marble altar of Elyvilon.
    50 | D        | Found a blossoming altar of Fedhas.
    50 | D        | Found an opulent altar of Gozag.
    51 | D        | Found a hazy altar of Hepliaklqana.
    52 | D        | Found a viscous altar of Jiyva.
    53 | D        | Found an ancient bone altar of Kikubaaqudgha.
    54 | D        | Found a corrupted altar of Lugonu.
    55 | D        | Found a burning altar of Makhleb.
    56 | D        | Found a sparkling altar of Nemelex Xobeh.
    57 | D        | Found an iron altar of Okawaru.
    58 | D        | Found a stormy altar of Qazlal.
    59 | D        | Found a sacrificial altar of Ru.
    60 | D        | Found a shimmering blue altar of Sif Muna.
    61 | D        | Found a bloodstained altar of Trog.
    62 | D        | Found a hide-covered altar of Uskayaw.
    63 | D        | Found a radiant altar of Vehumet.
    64 | D        | Found an ornate altar of the Wu Jian Council.
    65 | D        | Found a shimmering altar of Xom.
    66 | D        | Found a basalt altar of Yredelemnul.
    67 | D        | Found a glowing silver altar of Zin.
    68 | D        | Found a glowing golden altar of the Shining One.
    80 | D        | Became a worshipper of the Wu Jian Council
   538 | D        | Noticed a yak
   538 | D        | Noticed a centaur
   538 | D        | Noticed a centaur
   538 | D        | Noticed a troll
   538 | D        | Noticed an orc warrior
   544 | D        | Killed a yak
   545 | D        | Reached XP level 6. HP: 61/62 MP: 5/5
   552 | D        | Killed a troll
   553 | D        | Reached skill level 10 in Fighting
   553 | D        | Reached skill level 10 in Axes
   553 | D        | Reached skill level 10 in Armour
   553 | D        | Reached skill level 10 in Shields
   553 | D        | Reached XP level 7. HP: 43/73 MP: 6/6
   554 | D        | Reached * piety under Wu Jian
   564 | D        | Noticed a cyclops
   564 | D        | Noticed a centaur warrior
   564 | D        | Noticed a slime creature
   564 | D        | Noticed a two-headed ogre
   564 | D        | Noticed a deep elf pyromancer
   564 | D        | Noticed a slime creature
   566 | D        | Killed a cyclops
   567 | D        | Reached XP level 8. HP: 66/82 MP: 7/7
   570 | D        | Killed a centaur warrior
   570 | D        | Reached ** piety under Wu Jian
   576 | D        | Killed a slime creature
   583 | D        | Killed a two-headed ogre
   584 | D        | Reached XP level 9. HP: 47/93 MP: 8/8
   591 | D        | Killed a deep elf pyromancer
   591 | D        | Reached *** piety under Wu Jian
  1247 | D        | Noticed a black mamba
  1250 | D        | Noticed a rime drake
  1261 | D        | Reached **** piety under Wu Jian
  1265 | D        | Killed a black mamba
  1274 | D        | Killed a rime drake
  1275 | D        | Reached XP level 10. HP: 33/104 MP: 9/9
  1279 | D        | Reached ***** piety under Wu Jian
  1855 | D        | Noticed a cane toad
  1858 | D        | Noticed a cane toad
  1873 | D        | Killed a cane toad
  1874 | D        | Reached skill level 15 in Fighting
  1874 | D        | Reached skill level 15 in Armour
  1874 | D        | Reached skill level 15 in Shields
  1882 | D        | Killed a cane toad
  1888 | D        | Reached skill level 15 in Axes
  2467 | D        | Noticed a death yak
  2467 | D        | Noticed a death yak
  2467 | D        | Noticed a catoblepas
  2467 | D        | Noticed a death yak
  2471 | D        | Noticed a catoblepas
  2472 | D        | Killed a death yak
  2484 | D        | Noticed a catoblepas
  2487 | D        | Killed a death yak
  2491 | D        | Killed a catoblepas
  2491 | D        | Reached ****** piety under Wu Jian
  3098 | D        | Killed a death yak
  3099 | D        | Reached XP level 11. HP: 99/115 MP: 10/10
  3105 | D        | Killed a catoblepas
  3110 | D        | Killed a catoblepas
  3544 | D        | Noticed Sonja
  3554 | D        | Slain by Sonja

Illustrated notes

Levels and vault maps discovered:
D:        linesprint [early_d, line_temple, items_1, d_10, items_2, lair_1,
          lair_end, items_3, orc_1, orc_end, items_4, d_15, swamp_1, shoals_1,
          snake_1, spider_1, d_20, vaults_1, items_5, swamp_end, shoals_end,
          snake_end, spider_end, vaults_end, d_27, items_6, zot_1, zot_end,
          crypt_end, forest_end, elf_end, slime_end, tomb_end, abyss_end,
          pan_hell_end]

Skill      XL: |  1  2  3  4  5  6  7  8  9 10 |
---------------+-------------------------------+-----
Fighting       | 5 6 7 8 10 11 13 14 16 | 16.9
Axes           | 5 7 8 10 12 14 16 | 16.7
Armour         | 5 6 7 8 10 11 13 14 16 | 16.9
Shields        | 5 6 7 8 10 11 13 14 16 | 16.9

Action                   |  1- 3 |  4- 6 |  7- 9 | 10-12 || total
-------------------------+-------+-------+-------+-------++-------
Melee: War axe           |    15 |    16 |       |       ||    31
       Headbutt          |     1 |     2 |    17 |    17 ||    37
       Broad axe         |       |    14 |    53 |    94 ||   161
Invok: Lunge             |       |     2 |     2 |     6 ||    10
       Serpent's Lash    |       |       |     1 |     3 ||     4
       Heavenly Storm    |       |       |       |     1 ||     1
  Use: Potion            |       |     4 |     4 |     4 ||    12
       Scroll            |       |       |       |     1 ||     1
 Stab: Invisible         |       |     3 |     4 |       ||     7
       Petrified         |       |       |       |     8 ||     8
Armor: Scale mail        |     8 |     6 |       |       ||    14
       Chain mail        |       |     3 |    11 |    37 ||    51
Dodge: Dodged            |     9 |     8 |    12 |    22 ||    51
Block: Buckler           |       |     6 |    13 |    15 ||    34
